 Seeded DCSS version 0.29-a0-1043-g569b05d6ff (webtiles) character file.

Game seed: 6412630463162705414 (custom seed)

10712 flotson the Fighter (level 11, 0/77 HPs)
             Began as a Demonspawn Delver on Aug 16, 2022.
             Was a Follower of Hepliaklqana.
             Slain by a yak (11 damage)
             ... on level 1 of the Lair of Beasts.
             The game lasted 00:30:18 (16832 turns).

flotson the Fighter (Demonspawn Delver)            Turns: 16832, Time: 00:30:19

Health: 0/77       AC: 14    Str: 16    XL:     11   Next: 39%
Magic:  0/11       EV: 14    Int: 13    God:    Hepliaklqana [*.....]
Gold:   684        SH:  0    Dex: 14    Spells: 10/10 levels left

rFire   . . .      SeeInvis +   N - +2 halberd (venom)
rCold   . . .      Faith    .   (shield currently unavailable)
rNeg    + . .      Spirit   +   L - +4 Cigotuvi's embrace {rMiasma Drain rN+}
rPois   +          Reflect  .   K - +1 hat {SInv}
rElec   .          Harm     .   (cloak unavailable)
rCorr   +          Rampage  +   (no gloves)
Will    .....                   G - +1 pair of boots {rampage}
Stlth   ++........              A - amulet of guardian spirit
HPRegen 0.22/turn               m - ring of resist corrosion
MPRegen 0.12/turn               v - ring of poison resistance

@: hasted, very quick
A: reduced essence, slimy green scales 2, powered by death 1, demonic magic 1,
weakness stinger 3
a: Renounce Religion, Recall Ancestor, Ancestor Identity


You were on level 1 of the Lair of Beasts.
You worshipped Hepliaklqana.
Hepliaklqana was aware of your devotion.
You visited 3 branches of the dungeon, and saw 12 of its levels.

You collected 871 gold pieces.
You spent 77 gold pieces at shops.
You paid 110 gold pieces to Gozag.

Inventory:

Hand Weapons
 w - a +1 morningstar of protection
 y - a +0 shortbow
 F - a +3 scimitar of flaming
 N - a +2 halberd of venom (weapon)
Missiles
 u - 6 atropa-tipped darts
 C - 5 curare-tipped darts (quivered)
 J - 7 poisoned darts
 S - a throwing net
Armour
 G - a +1 pair of boots of rampaging (worn)
 K - a +1 hat of see invisible (worn)
 L - the +4 Cigotuvi's embrace (worn) {rMiasma Drain rN+}
   (You found it on level 8 of the Dungeon)

   It gathers nearby corpses to temporarily increase the armour it provides.
   It protects you from foul pestilence.
   rN:        It protects you from negative energy.
   Drain:     It drains your maximum health when unequipped.
Jewellery
 k - a ring of protection from cold
 m - a ring of resist corrosion (left hand)
 o - a ring of see invisible
 t - an amulet of reflection
 v - a ring of poison resistance (right hand)
 A - an amulet of guardian spirit (around neck)
Wands
 a - a wand of charming (6)
 g - a wand of digging (3)
 l - a wand of mindburst (16)
 I - a wand of iceblast (9)
Scrolls
 c - 3 scrolls of fog
 d - a scroll of magic mapping
 e - 3 scrolls of fear
 h - 3 scrolls of enchant weapon {unknown}
 i - 6 scrolls of poison
 j - 6 scrolls of teleportation {unknown}
 n - 2 scrolls of immolation {unknown}
 p - 3 scrolls of brand weapon {unknown}
 s - 4 scrolls of amnesia {unknown}
 B - 5 scrolls of enchant armour {unknown}
 H - a scroll of blinking {unknown}
 M - a scroll of summoning {unknown}
 O - a scroll of vulnerability {unknown}
 Q - a scroll of acquirement {unknown}
 R - a scroll of silence {unknown}
Potions
 b - 4 potions of attraction
 f - 2 potions of haste
 q - 5 potions of curing
 r - 2 potions of lignification
 x - 2 potions of flight
 z - 2 potions of ambrosia
 D - 2 potions of mutation
 E - a potion of resistance
 P - 2 potions of might


   Skills:
 + Level 8.2 Fighting
 + Level 6.4 Axes
 + Level 6.6 Throwing
 + Level 6.8 Armour
 + Level 7.1 Dodging
 - Level 4.5 Stealth
 + Level 7.5 Evocations


You had 10 spell levels left.
You didn't know any spells.
Your spell library contained the following spells:

 Spells                   Type           Power      Damage    Failure   Level
 Magic Dart               Conj           0%         1d3       36%         1
 Call Imp                 Summ           0%         N/A       50%         2
 Mephitic Cloud           Conj/Pois/Air  0%         N/A       73%         3
 Airstrike                Air            0%         2d(0-16)  98%         4
 Summon Lightning Spire   Summ/Air       0%         N/A       98%         4
 Lightning Bolt           Conj/Air       0%         1d11      100%        5


Dungeon Overview and Level Annotations

Branches:
Dungeon (10/15)            Temple (1/1) D:6            Lair (1/5) D:9
    Orc (0/2) D:9

Altars:
Ashenzari
Cheibriados
Dithmenos
Fedhas
Gozag
Hepliaklqana
Kikubaaqudgha
Makhleb
Nemelex Xobeh
Okawaru
Qazlal
Ru
Sif Muna
Trog
Uskayaw
Vehumet
Wu Jian
Xom
Yredelemnul

Shops:
D:3 (!*?:   D:8 (


Innate Abilities, Weirdness & Mutations

Your life essence is reduced to manifest your ancestor. (-10% HP)
You are mostly covered in slimy green scales. (AC +3)
You regenerate a little health from kills.
Spells you cast may paralyse adjacent enemies.
You have a sharp stinger which inflicts weakening toxins.


Message History

You hear an angry hiss.
You puncture the yak!
The yak looks as sick as possible!
Your tail-slap misses the yak.
The yak is severely wounded.
The yak barely misses you. The yak misses you.
The yak gores Thulani!
The yak barely misses Thulani.
Thulani hits the yak but does no damage.
Unknown command.
You barely miss the yak. You tail-slap the yak.
The yak looks weaker.
The yak is severely wounded.
The yak closely misses you.
The yak gores Thulani.
The yak closely misses you.
Thulani hits the yak!
You hear a bellow!
You puncture the yak!
The yak is poisoned.
The yak is heavily wounded.
The yak gores you! The yak completely misses you.
A yak comes into view.
The yak misses you.
Thulani hits the yak.
The yak gores you!! The yak gores you but does no damage.
A yak comes into view.
The yak gores Thulani!
Thulani is destroyed!
The yak bellows!
The yak attacks as you move away! The yak gores you!!
* * * LOW HITPOINT WARNING * * *
The yak rages.
The yak gores you but does no damage. The yak barely misses you.
As you read the scroll of fear, it crumbles to dust.
You assume a fearsome visage.
The yak is unaffected.
The yak looks frightened! x4
The water moccasin looks frightened!
The yak looks frightened!
The yak is unaffected.
The yak looks frightened! x3
You kill the yak!
The yak gores you.
* * * LOW HITPOINT WARNING * * *
The yak barely misses you.
You feel yourself speed up. The yak gores you but does no damage.
The yak closely misses you. The yak gores you.
* * * LOW HITPOINT WARNING * * *
The yak gores you!
You die...

.............# #....##
.............###......
..............##..Y.Y
..............##Y...
..............##..Y#####.
.......P....###....YY....
(......#.....#Y..........
.......#....##..YY.......
.......#....##..@...S....
.......#....###..≈~≈~~...
.......#....P....~≈#≈~...
.......P.........~###~...
..............#..~# ≈...
..............#..≈~~~~...
..............#..........
...^..........#........
.......P##...#.........


You could see 9 yaks and a water moccasin (fleeing).

Vanquished Creatures
  Gastronok (D:8)
  Erica (D:9)
  A hydra (Lair:1)
  Pikel (D:8)
  Psyche (D:8)
  Sigmund (D:3)
  2 wyverns (D:9)
  12 yaks
  A wraith (D:9)
  Grum (D:9)
  2 steam dragons
  An acid dragon (D:9)
  4 water moccasins
  4 orc warriors
  7 sky beasts
  2 black bears
  3 wolves (D:8)
  A centaur (D:6)
  3 lemures (D:8)
  2 phantoms (D:5)
  A kobold brigand (D:10)
  6 bullfrogs
  A necrophage (D:7)
  2 scorpions (D:6)
  2 gnoll sergeants
  8 wights
  5 killer bees
  A jelly (D:5)
  8 orc priests
  A gnoll bouda (D:8)
  5 hounds
  An iguana (D:7)
  9 orc wizards
  17 gnolls
  11 adders
  2 worms
  A dart slug (D:2)
  32 orcs
  6 ball pythons
  7 endoplasms
  4 giant cockroaches
  7 goblins
  6 hobgoblins
  12 jackals
  11 kobolds
  2 quokkas (D:1)
  6 bats
  2 frilled lizards
  A rat (D:3)
228 creatures vanquished.

Vanquished Creatures (collateral kills)
  A gargoyle (D:10)
  2 bullfrogs (Lair:1)
  A killer bee (D:10)
  A kobold (D:10)
5 creatures vanquished.

Vanquished Creatures (others)
  2 ancestors (Lair:1)
2 creatures vanquished.

Grand Total: 235 creatures vanquished

Notes
Turn   | Place    | Note
-------+----------+-------------------------------------------
     0 | D:5      | flotson the Demonspawn Delver began the quest for the Orb.
     0 | D:5      | Reached XP level 1. HP: 18/18 MP: 1/1
     3 | D:5      | Noticed a hound
    28 | D:5      | Killed a hound
    29 | D:5      | Reached skill level 1 in Armour
    29 | D:5      | Reached skill level 1 in Evocations
    29 | D:5      | Gained mutation: You have a small tail. [demonic ancestry]
    29 | D:5      | Reached XP level 2. HP: 5/24 MP: 2/2
    29 | D:5      | Reached XP level 3. HP: 7/29 MP: 3/3
    71 | D:5      | Noticed a gnoll sergeant
    72 | D:5      | Noticed a phantom
  1698 | D:2      | Gained mutation: You have a tail ending in a sharp stinger.
                  | [demonic ancestry]
  1698 | D:2      | Reached XP level 4. HP: 35/35 MP: 4/4
  2015 | D:2      | Found a faded altar of an unknown god.
  2258 | D:3      | Found a burning altar of Makhleb.
  2279 | D:3      | Found Jamatim's Assorted Antiques.
  2281 | D:3      | Found Oxkiub's Weapon Emporium.
  2406 | D:3      | Found a shimmering blue altar of Sif Muna.
  2408 | D:3      | Found Ixtiup's Book Shop.
  2438 | D:3      | Noticed Sigmund
  2519 | D:3      | Noticed an angel
  2520 | D:3      | Noticed a balrug
  2532 | D:3      | Found Guusim's Distillery.
  2542 | D:3      | Found Tolazxow's Magic Scroll Emporium.
  2577 | D:3      | Bought a scroll of identify for 22 gold pieces
  2577 | D:3      | Bought a scroll of noise for 11 gold pieces
  2961 | D:4      | Gained mutation: You regenerate a little health from kills.
                  | [demonic ancestry]
  2961 | D:4      | Reached XP level 5. HP: 42/42 MP: 5/5
  3008 | D:4      | Reached skill level 1 in Throwing
  3658 | D:3      | Reached skill level 4 in Fighting
  3820 | D:3      | Found an ancient bone altar of Kikubaaqudgha.
  3874 | D:3      | Killed Sigmund
  3875 | D:3      | Reached XP level 6. HP: 49/49 MP: 6/6
  4782 | D:3      | Bought a scroll of identify for 22 gold pieces
  4782 | D:3      | Bought a scroll of identify for 22 gold pieces
  4853 | D:5      | Noticed a water moccasin
  4905 | D:5      | Killed a water moccasin
  4906 | D:5      | Reached XP level 7. HP: 42/55 MP: 7/7
  5372 | D:5      | Noticed a steam dragon
  5375 | D:5      | Killed a steam dragon
  5412 | D:5      | Reached skill level 5 in Fighting
  5416 | D:5      | Gained mutation: You are partially covered in slimy green
                  | scales. (AC +2) [demonic ancestry]
  5416 | D:5      | Reached XP level 8. HP: 10/62 MP: 1/8
  7160 | D:6      | Found a hide-covered altar of Uskayaw.
  7193 | D:6      | Found a blossoming altar of Fedhas.
  7599 | D:6      | Found a bloodstained altar of Trog.
  7608 | D:6      | Found a stormy altar of Qazlal.
  7683 | D:6      | Found a staircase to the Ecumenical Temple.
  7756 | D:6      | Gained mutation: You have a sharp stinger which inflicts
                  | weakening toxins. [demonic ancestry]
  7756 | D:6      | Reached XP level 9. HP: 59/69 MP: 5/9
  8735 | D:7      | Found a shadowy altar of Dithmenos.
  8850 | D:7      | Reached skill level 5 in Dodging
  8912 | D:7      | Found a sacrificial altar of Ru.
  9025 | D:7      | Reached skill level 6 in Fighting
  9025 | D:7      | Reached skill level 5 in Evocations
  9499 | D:7      | Found an opulent altar of Gozag.
  9499 | D:7      | Found a sparkling altar of Nemelex Xobeh.
  9511 | D:7      | Became a worshipper of Gozag Ym Sagoz the Greedy
  9855 | D:8      | Noticed Gastronok
 10127 | D:8      | Noticed Pikel
 10140 | D:8      | Killed Pikel
 10141 | D:8      | Reached skill level 5 in Armour
 10363 | D:8      | Reached skill level 5 in Throwing
 10570 | D:8      | Noticed Psyche
 10580 | D:8      | Killed Psyche
 10581 | D:8      | Gained mutation: Spells you cast may paralyse adjacent
                  | enemies. [demonic ancestry]
 10581 | D:8      | Reached XP level 10. HP: 37/77 MP: 4/10
 10807 | D:8      | Found Qiguck's Antique Weapon Boutique.
 10884 | D:8      | Killed Gastronok
 10885 | D:8      | Reached skill level 7 in Fighting
 10885 | D:8      | Reached skill level 5 in Axes
 11387 | D:8      | Found the +4 Cigotuvi's embrace {rMiasma Drain rN+}
 11989 | D:9      | Noticed Grum
 12040 | D:9      | Found a staircase to the Orcish Mines.
 12299 | Temple   | Entered the Ecumenical Temple
 12475 | Temple   | Fell from the grace of Gozag
 12475 | Temple   | Became a worshipper of Hepliaklqana the Forgotten
 12606 | D:9      | Killed Grum
 12631 | D:8      | HP: 1/79 [yak (8)]
 13326 | D:8      | Found Qiguck's Antique Weapon Boutique.
 13784 | D:9      | Found a staircase to the Lair.
 13786 | D:9      | Noticed Erica
 14117 | D:9      | Killed Erica
 14118 | D:9      | Gained mutation: You are mostly covered in slimy green
                  | scales. (AC +3) [demonic ancestry]
 14118 | D:9      | Reached XP level 11. HP: 86/86 MP: 11/11
 14947 | D:9      | Reached * piety under Hepliaklqana
 15303 | D:10     | Entered Level 10 of the Dungeon
 15867 | D:10     | Reached skill level 8 in Fighting
 16614 | Lair:1   | Entered Level 1 of the Lair of Beasts
 16626 | Lair:1   | Noticed a four-headed hydra
 16638 | Lair:1   | Killed a one-headed hydra
 16832 | Lair:1   | Slain by a yak

Illustrated notes

Levels and vault maps discovered:
D:1:      scummos_arrival_checkerplants, layout_loops_ring
D:2:      layout_loops_ring, hellmonk_ecumenical_altar_leap_of_faith
D:3:      layout_basic, grunt_temple_overflow_order_and_chaos_2,
          mainiacjoe_overflow_24_doors, nicolae_sif_muna_condensation,
          serial_shops, shop, nicolae_shop_advertising_works
          [nicolae_subvault_shop_adworks], shop, shop,
          nicolae_shop_hallway_stairs, uniq_sigmund
D:4:      minmay_evil_eye, layout_gridville, minivault_25
D:5:      layout_basic
D:6:      layout_cave_pools, mainiacjoe_overflow_large_starburst,
          mainiacjoe_overflow_swirl, minmay_temple_entry_nine_rooms
D:7:      layout_loops_ring, grunt_temple_overflow_opulence,
          grunt_dithmenos_smoke, hangedman_ru_absence
D:8:      layout_basic, serial_rivers, chequers_serial_rivers_large_a,
          chequers_serial_rivers_small_a, chequers_serial_rivers_micro_a,
          chequers_serial_rivers_marsh, chequers_serial_rivers_micro_c,
          serial_shops, nicolae_shop_window_shopping, uniq_psyche,
          uniq_gastronok, uniq_pikel
D:9:      layout_long_grid, dpeg_oklobed_lair, david_orc_2, uniq_grum,
          uniq_erica
D:10:     layout_loops_ring, nicolae_elevator_lobby_plus
Temple:   eino_temple_lava
Lair:1:   layout_gridlike

Skill      XL: |  1  2  3  4  5  6  7  8  9 10 11 |
---------------+----------------------------------+-----
Armour         | 1 2 3 4 5 6 |  6.8
Dodging        | 2 3 4 5 6 7 |  7.1
Evocations     | 1 2 3 4 5 7 |  7.5
Throwing       | 1 2 3 4 5 6 |  6.6
Fighting       | 4 5 6 7 8 |  8.2
Axes           | 2 3 4 6 |  6.4
Stealth        | |  4.5

Action                   |  1- 3 |  4- 6 |  7- 9 | 10-12 || total
-------------------------+-------+-------+-------+-------++-------
Melee: Hand axe          |    98 |   148 |       |       ||   246
       Tailslap          |     9 |    28 |    61 |    50 ||   148
       Halberd           |       |    53 |    57 |   127 ||   237
       Trident           |       |       |   297 |   212 ||   509
       Punch             |       |       |     6 |     4 ||    10
       Unarmed           |       |       |     3 |       ||     3
       Scimitar          |       |       |       |     7 ||     7
Throw: Dart              |       |     1 |     1 |     9 ||    11
       Boomerang         |       |    15 |    18 |       ||    33
Invok: Ancestor Identity |       |       |       |     1 ||     1
Evoke: Wand              |       |     2 |     6 |    13 ||    21
  Use: Potion            |     1 |     1 |     3 |     2 ||     7
       Scroll            |       |     6 |     1 |     6 ||    13
 Stab: Sleeping          |     8 |     6 |     8 |     1 ||    23
       Distracted        |       |       |       |     2 ||     2
Armor: Leather armour    |    31 |    10 |       |   195 ||   236
       Scale mail        |       |    69 |    29 |       ||    98
       Ring mail         |       |       |   155 |    21 ||   176
       Skin              |       |       |     2 |       ||     2
Dodge: Dodged            |    52 |   131 |   184 |   363 ||   730
Block: Other             |       |    59 |       |       ||    59
       Reflection        |       |     2 |       |       ||     2

Table legend: (Time is in decaauts)
 A = Elapsed time spent in this place.
 B = Non-inter-level travel time spent in this place.
 C = Inter-level travel time spent in this place.
 D = Time resting spent in this place.
 E = Time spent auto-exploring this place.
 F = Levels seen in this place.
 G = Mean time per level.
                   A        B        C        D        E       F      G
               +--------+--------+--------+--------+--------+-----+--------+
         Total |  17085 |  16099 |    986 |   1753 |  11683 |  12 | 1423.8 |
       Dungeon |  16676 |  15701 |    975 |   1753 |  11364 |  10 | 1667.6 |
        Temple |    185 |    176 |      9 |      0 |    153 |   1 |  185.0 |
          Lair |    223 |    223 |      0 |      0 |    166 |   1 |  223.0 |
               +--------+--------+--------+--------+--------+-----+--------+

Top non-repeatable levels by time:
     D:8: 3407 daAuts
     D:5: 2736 daAuts
     D:4: 1867 daAuts
     D:9: 1786 daAuts
     D:3: 1436 daAuts
     D:7: 1433 daAuts
     D:6: 1265 daAuts
    D:10: 1043 daAuts
     D:2: 966 daAuts
     D:1: 731 daAuts
  Lair:1: 223 daAuts
  Temple: 185 daAuts
